Cogmind - Beta 13 @@@ ROGUE MODE // 2024.03.16 @ 00:34:57 Player: Infomantis Result: Destroyed by Y-72 Warden with Quantum Rifle Performance ------------- Evolutions (7) 3500 Regions Visited (14) 2800 Robots Destroyed (217) 1085 Value Destroyed (10553) 10553 Prototype IDs (38) 760 Alien Tech Used (3) 600 Bonus (4555) 4555 TOTAL SCORE: 23853 Bonus ------- High Alert Combat Kills 2276 Follower Combat Kills 102 Met Zhirov 300 Met Warlord at Base 500 MAIN.C Attacked Warlord 500 Warlord Defense Kills 2404 Friendly Fire -1527 Cogmind --------- Core Integrity 0/1300 Matter 300/300 Energy 99/100 System Corruption 22% Temperature Cool (9) Movement Core (50) Location -3/Research Parts ------- > --- POWER (2) -------- (None) > --- PROPULSION (6) --- (None) > --- UTILITY (10) ----- Graphene Brace Makeshift System Shield > --- WEAPON (3) ------- (None) > --- INVENTORY (5) ---- Improved Phase Shifter Centrium Light Armor Plating Vortex Rifle (21) Molecular Deconstructor Peak State ------------ > --- POWER ------------ Micro Antimatter Reactor Light Quantum Reactor > --- PROPULSION ------- Flexi-carbon Leg Myomer Leg Myomer Leg Myomer Leg Myomer Leg Biometal Leg > --- UTILITY ---------- Experimental Heat Sink Large Storage Unit Machine Analyzer Advanced Signal Interpreter Advanced Targeting Computer Experimental Targeting Computer Core Analyzer Improved Kinecellerator Centrium Light Armor Plating Ghost Barrier > --- WEAPON ----------- Gamma Rifle Hypervelocity Railgun Helical Railgun > --- INVENTORY -------- Fusion Reactor Flexi-carbon Leg Myomer Leg Myomer Leg Energy Well Advanced Sensor Array Improved Phase Shifter Makeshift System Shield Vortex Rifle Vortex Rifle Fusion Bomb Launcher RU-N14's Throwing Claymores v3 Molecular Deconstructor [Rating: 145] Favorites ----------- Power Particle Reactor Engine Ion Engine Power Core Micro Fission Core Reactor Particle Reactor Propulsion Flexi-carbon Leg Treads Improved Treads Leg Flexi-carbon Leg Wheel Compact Wheel Utility Large Storage Unit Device Experimental Heat Sink Storage Large Storage Unit Processor Advanced Targeting Computer Hackware Makeshift System Shield Protection Makeshift Light Armor Plating Weapon Heavy Proton Missile Launcher Energy Gun Subdweller Laser Energy Cannon Advanced Plasma Cannon Ballistic Gun Subdweller Machine Gun Ballistic Cannon Bore Cannon Launcher Heavy Proton Missile Launcher Special Weapon RU-N14's Throwing Claymores v3 Impact Weapon Powered Hammer Build | -11 -10 -10 -7 -5 -5 -5 -5 -4 -4 -4 -4 -4 -3 -3 ------- Run | Yrd Mat Sub Rec Fac Upp Upp Zhi Pro Fac Upp Upp War Pro Res Slots Evolved 14 | . . . . 10 . . . . 2 . . . . 2 Power 1 | . . . . 1 . . . . . . . . . . Propulsion 4 | . . . . 2 . . . . 1 . . . . 1 Utility 8 | . . . . 7 . . . . . . . . . 1 Weapon 1 | . . . . . . . . . 1 . . . . . Parts Attached 267 | 7 21 21 4 40 6 15 9 5 20 8 7 32 16 56 Power 28 | 1 4 4 . 4 . 4 1 . 3 . 2 1 . 4 Engine 9 | 1 4 2 . 1 . 1 . . . . . . . . Core 8 | . . 2 . 3 . 2 . . 1 . . . . . Reactor 11 | . . . . . . 1 1 . 2 . 2 1 . 4 Propulsion 65 | 2 6 6 2 4 2 5 . 1 6 . 2 12 2 15 Treads 14 | 2 6 1 . . . . . . . . 1 4 . . Leg 42 | . . 2 2 4 2 5 . 1 1 . 1 7 2 15 Wheel 9 | . . 3 . . . . . . 5 . . 1 . . Hover . | . . . . . . . . . . . . . . . Flight . | . . . . . . . . . . . . . . . Utility 83 | 2 3 3 . 21 3 3 4 3 5 5 2 11 2 16 Device 42 | 1 2 1 . 14 2 2 1 2 2 1 . 5 1 8 Storage 3 | 1 1 . . . . . 1 . . . . . . . Processor 7 | . . . . 3 1 . . . . 1 . 1 . 1 Hackware 6 | . . . . 2 . . . . 2 . . . . 2 Protection 25 | . . 2 . 2 . 1 2 1 1 3 2 5 1 5 Artifact . | . . . . . . . . . . . . . . . Weapon 91 | 2 8 8 2 11 1 3 4 1 6 3 1 8 12 21 Energy Gun 21 | 1 5 2 1 1 . . . 1 1 . . 2 1 6 Energy Cannon 12 | . . 2 . 4 . 2 3 . 1 . . . . . Ballistic Gun 14 | 1 2 3 . 1 . . . . . . . . . 7 Ballistic Cannon 9 | . . . . 1 . . . . . . . . 7 1 Launcher 27 | . . 1 1 3 1 1 . . 3 2 1 5 3 6 Special Weapon 3 | . . . . . . . . . . . . 1 1 1 Impact Weapon 5 | . 1 . . 1 . . 1 . 1 1 . . . . Slashing Weapon . | . . . . . . . . . . . . . . . Piercing Weapon . | . . . . . . . . . . . . . . . Special Melee Weapon . | . . . . . . . . . . . . . . . Unidentified Prototypes 23 | . . . . 2 . 1 4 1 1 . . 8 1 5 Corrupted Parts 4 | . . . . . . . . 1 . . . 2 1 . System Corruption 43 | . . . . . . . . 13 . . . 20 10 . Parts Lost 74 | . . 7 . 13 . 1 . 2 6 1 2 1 3 38 Power 10 | . . 2 . 4 . . . . 1 . 1 . . 2 Propulsion 21 | . . 3 . 2 . . . 1 3 . 1 . 1 10 Utility 23 | . . . . 3 . . . . 1 1 . 1 1 16 Weapon 20 | . . 2 . 4 . 1 . 1 1 . . . 1 10 Highest Loss Streak 14 | . . 2 . 3 . 1 . 1 3 1 2 1 2 14 To Critical Strikes . | . . . . . . . . . . . . . . . Average Slot Usage (%) 91 | . 99 99 100 72 86 91 87 96 90 99 97 97 93 87 Engine 2 | . 14 3 . 1 5 1 1 . . . . . . . Core 3 | . . 10 14 5 5 7 . . 1 5 . . . . Reactor 3 | . . . . . . 1 8 11 6 5 8 8 5 5 Treads 4 | . 27 6 . . . . . . . . 2 12 . . Leg 14 | . . 15 21 12 18 21 23 23 14 . . 3 25 24 Wheel 4 | . . 5 7 . . . . . 4 26 21 9 . . Device 10 | . 13 7 . 11 15 14 12 13 11 9 10 5 10 12 Storage 7 | . 14 14 14 5 5 5 5 5 5 5 5 5 5 3 Processor 14 | . . . . 14 20 21 23 23 21 21 21 21 21 18 Hackware 1 | . . . . 5 . . . . 4 4 . . . 1 Protection 6 | . . 6 14 5 5 5 6 8 3 5 10 13 9 4 Energy Gun 3 | . 13 10 13 3 . . . 2 . . . 1 . 1 Energy Cannon 2 | . . 4 . 2 10 10 . 5 3 . . . . . Ballistic Gun 3 | . 14 8 14 1 . . . . . . . . . 3 Ballistic Cannon 1 | . . . . 1 . . . . . . . . 8 6 Launcher 4 | . . 4 1 . . . . . 10 14 15 12 6 . Naked Turns . | . . . . . . . . . . . . . . . Heaviest Build 108 | 12 31 41 40 62 58 70 73 73 82 83 97 100 95 108 Greatest Support 150 | 40 46 46 40 90 105 105 80 80 108 80 80 120 120 150 Greatest Overweight (x) 6 | . 1 2 2 1 . . . . 3 1 1 6 . 1 Average Overweight (x) . | . . . 1 . . . . . . . . . . . Largest Inventory Capacity 15 | 8 15 15 15 15 15 15 15 15 15 15 15 15 15 15 Average Capacity 14 | 7 14 15 15 15 15 15 15 15 15 15 15 15 15 14 Most Carried 15 | 8 15 15 15 15 15 15 15 15 15 15 15 15 15 15 Average Carried 14 | 5 13 14 14 14 14 14 14 14 14 14 14 14 14 13 Final Capacity 15 | 8 15 15 15 15 15 15 15 15 15 15 15 15 15 5 Final Carried 15 | 8 15 15 15 15 15 15 15 15 14 15 15 14 15 5 Class Distribution -------------------- 26% | Mutant 22% | Scavenger-Mutant 13% | Scavenger-Skirmisher 11% | Scavenger-Bomber 5% | Scavenger-Gunner 5% | Derelict-Bomber 4% | Gunner 4% | Scavenger-Tank Dominant Class ---------------- Mutant | -10/Materials Mutant | -10/Subcaves Mutant | -7/Recycling Scavenger-Mutant | -5/Factory Scavenger-Skirmisher | -5/Upper Caves Scavenger-Skirmisher | -5/Upper Caves Scavenger-Mutant | -5/Zhirov Scavenger-Mutant | -4/Proximity Caves Scavenger-Skirmisher | -4/Factory Gunner | -4/Upper Caves Derelict-Gunner | -4/Upper Caves Derelict-Bomber | -4/Warlord Scavenger-Bomber | -3/Proximity Caves Scavenger-Gunner | -3/Research Resources | -11 -10 -10 -7 -5 -5 -5 -5 -4 -4 -4 -4 -4 -3 -3 ----------- Run | Yrd Mat Sub Rec Fac Upp Upp Zhi Pro Fac Upp Upp War Pro Res Matter Collected 5573 | 279 317 506 68 831 75 240 68 108 143 145 140 417 488 1748 Remotely . | . . . . . . . . . . . . . . . Salvage Created 10293 | 173 485 552 . 1895 126 615 161 112 648 101 515 1458 911 2541 Parts 428 | 12 24 26 . 62 2 24 3 6 24 . 18 47 49 131 Haulers Intercepted 2 | . . . . 1 . . . . . . . . . 1 Recyclers Shooed 3 | . . . . . . . . . . . . . . 3 Parts Field Recycled . | . . . . . . . . . . . . . . . Retrieved Matter . | . . . . . . . . . . . . . . . Parts Self-Destructed 56 | . . 12 . . 1 18 1 5 . . . . 19 . Prevented 50 | . . . . . 2 7 . . . . 13 . 28 . Kills | -11 -10 -10 -7 -5 -5 -5 -5 -4 -4 -4 -4 -4 -3 -3 ------- Run | Yrd Mat Sub Rec Fac Upp Upp Zhi Pro Fac Upp Upp War Pro Res Combat Hostiles Destroyed 170 | . 14 13 . 28 . 14 . 2 11 . 7 17 12 52 Guns 48 | . 14 5 . 8 . . . . . . . . . 21 Cannons 42 | . . 5 . 10 . 7 . 2 3 . . . 3 12 AOE 70 | . . 3 . 8 . 4 . . 7 . 7 14 8 19 Classes Destroyed 25 | 3 3 2 . 9 . 1 . . 1 . . 4 2 . Worker 12 | 1 . . . 2 . . . . 5 . . . . 4 Builder 6 | . . . . 1 . . . . 1 . . . . 4 Tunneler 5 | 3 1 . . 1 . . . . . . . . . . Hauler 2 | . . . . 1 . . . . . . . . . 1 Recycler 7 | 1 . . . 4 . . . . 1 . . . . 1 Carrier 1 | . . . . . . . . . 1 . . . . . Mechanic 3 | . . . . 2 . . . . . . . 1 . . Operator 1 | . . . . 1 . . . . . . . . . . Drone 1 | . . . . . . . . . . . . . 1 . Turret 1 | . . 1 . . . . . . . . . . . . Watcher 4 | . 1 . . 1 . . . . . . . . . 2 Swarmer 34 | . 6 . . 4 . 5 . . 5 . 1 3 . 10 Grunt 64 | . 8 2 . 10 . 3 . . 4 . 5 8 3 21 Brawler 5 | . . . . 2 . . . . . . . 1 . 2 Duelist 5 | . . . . 1 . 2 . . . . . . . 2 Protector 4 | . . . . . . 1 . . . . . 2 . 1 Sentry 6 | . . . . 3 . 1 . . . . 1 . 1 . Demolisher 1 | . . . . . . . . . . . . 1 . . Specialist 4 | . . . . . . . . . . . . 1 3 . Hunter 16 | . . . . 3 . 2 . . . . . 1 2 8 Programmer 18 | . . . . 5 . . . 2 2 . . . 1 8 Behemoth 1 | . . . . . . . . . . . . . 1 . Striker 2 | . . . . . . . . . . . . 2 . . Executioner 1 | . . . . . . . . . . . . 1 . . Subdweller 11 | . . 11 . . . . . . . . . . . . Decomposer 1 | . . . . . . . . . . . . . 1 . Thug 2 | . . . . . . . . . . . . 2 . . Best Kill Streak 13 | 2 3 3 . 13 . 4 . 2 12 . 4 13 6 13 Combat Bots Only 12 | . 3 3 . 9 . 4 . 2 5 . 4 12 6 11 Max Kills in Single Turn 12 | 1 1 1 . 3 . 4 . 1 12 . 3 10 3 5 Gunslinging 1 | . . . . . . . . . . . . . . 1 Exploded 9 | . . 1 . 2 . 4 . . 5 . 3 9 3 5 Melee . | . . . . . . . . . . . . . . . Uniques/NPCs Destroyed . | . . . . . . . . . . . . . . . Combat | -11 -10 -10 -7 -5 -5 -5 -5 -4 -4 -4 -4 -4 -3 -3 -------- Run | Yrd Mat Sub Rec Fac Upp Upp Zhi Pro Fac Upp Upp War Pro Res Hostile Shots Fired 1075 | . 61 94 9 160 . 54 . 35 61 1 30 41 40 489 Missed 356 | . 16 23 5 52 . 17 . 11 20 . 8 14 20 170 Damage Taken 14691 | . 418 1564 40 2257 . 705 . 467 850 88 316 680 556 6750 Core 2243 | . 54 183 11 277 . 103 . 126 61 . . 27 80 1321 Absorbed by Shields 308 | . . . . 4 . . . . . . . 200 . 104 Redirected to Shielding 157 | . . . . . . . . 54 . . . . . 103 Ignored by Resistances 7 | . . . . . . . . . . . . . 7 . Regen/Repaired (Parts) 453 | . . . . 298 . . . . . . . 155 . . Core Remaining (%) 57 | 100 . . . . . . . 45 . . . . 85 . Volleys Fired 413 | 9 49 65 2 86 5 37 4 7 17 . 4 6 17 105 Largest 3 | 2 2 2 1 2 2 2 1 1 3 . 3 3 3 3 Hottest 196 | 70 70 120 39 196 196 196 98 98 120 . 120 120 137 171 Shots Fired 822 | 18 97 112 2 159 6 71 4 8 19 . 10 16 45 255 Gun 376 | 18 97 69 . 63 . . . 1 . . . 1 1 126 Cannon 351 | . . 34 . 83 6 68 4 7 16 . . . 13 120 Launcher 93 | . . 9 2 13 . 3 . . 3 . 10 15 31 7 Special 2 | . . . . . . . . . . . . . . 2 Kinetic 386 | 9 49 51 . 58 . . . . . . . . 13 206 Thermal 312 | 9 48 61 . 93 6 68 4 7 16 . . . . . Explosive 22 | . . . 2 8 . 3 . . . . . . . 9 Electromagnetic 72 | . . . . . . . . 1 3 . 10 15 31 12 Entropic 30 | . . . . . . . . . . . . 1 1 28 Robot Hit Streak 34 | 4 10 33 . 20 2 11 5 5 10 . 8 11 12 34 Robot Miss Streak 7 | 5 3 3 . 3 1 3 . 2 2 . . 1 2 7 Penetration Max 2 | . . . . . . . . . . . . . . 2 Secondary Targets 3 | . 1 . . . . . . . . . . . . 2 Max Gunslinging Chain 1 | . 1 . . . . . . . . . . . . 1 Shots Hit Robots 525 | 8 62 82 . 111 3 41 4 5 15 2 5 5 24 158 Core Hits 436 | 6 27 25 . 97 2 25 2 2 19 . 14 61 26 130 Critical Kills 25 | . . 1 . 1 . 2 . . 1 . . . 2 18 Critical Parts Destroyed 18 | . 2 . . . . . . . 1 . . . . 15 Critical Strikes 54 | 1 5 1 . 1 . 2 . . 2 . . . 2 40 Burn 4 | 1 3 . . . . . . . . . . . . . Meltdown 4 | . . . . 1 . 2 . . 1 . . . . . Destroy 38 | . 2 1 . . . . . . . . . . 2 33 Blast 6 | . . . . . . . . . . . . . . 6 Smash 1 | . . . . . . . . . 1 . . . . . Sever 1 | . . . . . . . . . . . . . . 1 Melee Attacks 12 | . 4 . . 1 . . . . 5 2 . . . . Impact 12 | . 4 . . 1 . . . . 5 2 . . . . Slashing . | . . . . . . . . . . . . . . . Piercing . | . . . . . . . . . . . . . . . Sneak Attacks . | . . . . . . . . . . . . . . . Combat Hostiles . | . . . . . . . . . . . . . . . Follow-up Attacks . | . . . . . . . . . . . . . . . Damage Inflicted 28381 | 99 785 1708 . 4774 100 1714 144 205 2314 172 576 4382 1317 10091 Guns 5830 | 99 785 748 . 1275 . . . . . . . . . 2923 Cannons 6340 | . . 335 . 1770 100 1421 144 205 399 . . . 133 1833 Explosions 15569 | . . 625 . 1717 . 293 . . 1700 . 576 4382 1184 5092 Melee 387 | . . . . . . . . . 215 172 . . . . Ramming 166 | . . . . 12 . . . . . . . . . 154 Kinetic 6488 | 24 399 1001 . 1628 . . . . . . . . 133 3303 Thermal 9467 | 75 386 707 . 2299 100 1421 144 205 1940 . . 2002 188 . Explosive 6220 | . . . . 835 . 293 . . . . . . . 5092 Electromagnetic 4284 | . . . . . . . . . 159 . 576 2380 996 173 Impact 387 | . . . . . . . . . 215 172 . . . . Slashing 89 | . . . . . . . . . . . . . . 89 Piercing . | . . . . . . . . . . . . . . . Entropic 1280 | . . . . . . . . . . . . . . 1280 Highest Corruption 22 | . . . . 5 5 2 2 18 2 2 2 22 12 22 Average Corruption 3 | . . . . 3 2 2 2 8 1 2 2 12 2 2 Corruption Purged 5 | . . . . 2 3 . . . . . . . . . Corruption Blocked . | . . . . . . . . . . . . . . . Effects 102 | . . . . 22 5 16 2 13 4 6 7 1 15 11 Message Errors 20 | . . . . 5 . 3 . 2 . 3 . . 3 4 Matter Fused 25 | . . . . 4 3 3 2 5 2 1 1 . 2 2 Heat Flow Errors 11 | . . . . 1 1 3 . . . . 2 . 2 2 Energy Discharges 17 | . . . . 3 . 4 . 3 1 . 3 1 2 . Parts Rejected 1 | . . . . . . . . . . . . . . 1 Parts Fused 1 | . . . . . . . . . . . . . 1 . Data Loss (minor) 14 | . . . . 6 . 1 . 1 1 2 1 . 2 . Data Loss (major) 4 | . . . . . . 1 . 1 . . . . 1 1 Misfires 5 | . . . . 1 . 1 . 1 . . . . 1 1 Alerts 2 | . . . . 1 . . . . . . . . 1 . Weapon Failures 2 | . . . . 1 1 . . . . . . . . . Overload Shots . | . . . . . . . . . . . . . . . Overflow Damage 1079 | . . 15 . 150 18 . . . 312 143 . 139 21 281 Projectiles 111 | . . . . 76 18 . . . 3 . . . . 14 Explosions 739 | . . 15 . 74 . . . . 229 . . 139 21 261 Melee 229 | . . . . . . . . . 80 143 . . . 6 Knockbacks 27 | . . . . 5 . . . . . 1 . . . 21 Impact 3 | . . . . . . . . . . 1 . . . 2 Kinetic 23 | . . . . 5 . . . . . . . . . 18 Secondary 1 | . . . . . . . . . . . . . . 1 Self-Inflicted Damage 723 | . . 41 . 126 . . . . 32 . . 166 34 324 Shots 19 | . . 1 . 4 . . . . 1 . . 5 3 5 Rammed 8 | . 1 . . . . . . . . . . . . 7 Targets Rammed 19 | . 1 . . 2 . . . . . . . . . 16 Kicked 11 | . . . . 2 . . . . . . . . . 9 Crushed . | . . . . . . . . . . . . . . . Highest Temperature 407 | 70 120 63 24 407 222 169 . . 7 216 205 . 215 250 Average Temperature 57 | 31 34 18 12 81 120 27 . . 4 119 88 . 82 69 Received Heat Transfer 1892 | . 117 282 18 315 . 162 . . 198 . 90 48 54 608 Effects 3 | . . . . 3 . . . . . . . . . . Shutdowns 1 | . . . . 1 . . . . . . . . . . Energy Bleed 2 | . . . . 2 . . . . . . . . . . Siege Activations . | . . . . . . . . . . . . . . . Robots Corrupted 4 | . . . . . . . . . . . . 3 1 . Combat Hostiles 4 | . . . . . . . . . . . . 3 1 . Parts Fried 22 | . . . . . . 2 . . 2 . 6 6 5 1 Impact Corruptions 7 | . . . . . . . . . 3 3 . . . 1 Robots Melted 6 | . . . . 2 . 3 . . 1 . . . . . Combat Hostiles 5 | . . . . 2 . 3 . . . . . . . . Parts Melted 31 | 1 2 3 . 10 . 7 . . 7 . . 1 . . Heat Transferred 12745 | 296 1369 1250 . 3775 150 1979 200 250 1650 . . 1626 200 . Parts Sabotaged . | . . . . . . . . . . . . . . . Parts Stolen . | . . . . . . . . . . . . . . . Parts Stripped . | . . . . . . . . . . . . . . . Power Chain Reactions 14 | . . . . . . . . . . . 1 10 3 . Alert | -11 -10 -10 -7 -5 -5 -5 -5 -4 -4 -4 -4 -4 -3 -3 ------- Run | Yrd Mat Sub Rec Fac Upp Upp Zhi Pro Fac Upp Upp War Pro Res Peak Influence 1316 | 25 247 . 76 965 . . . . 1109 . . . . 1316 Initial 600 | . 16 . . 229 . . . . 600 . . . . 600 Average 410 | 13 100 . 37 415 . . . . 749 . . . . 747 Maximum Alert Level 4 | . 1 . . 3 . . . . 4 . . . . 4 Low Security (%) 39 | 100 97 . 100 14 . . . . . . . . . . Level 1 10 | . 2 . . 34 . . . . . . . . . . Level 2 28 | . . . . 36 . . . . 48 . . . . 52 Level 3 20 | . . . . 14 . . . . 51 . . . . 42 Level 4 1 | . . . . . . . . . . . . . . 5 Level 5 . | . . . . . . . . . . . . . . . High Security . | . . . . . . . . . . . . . . . Max Security . | . . . . . . . . . . . . . . . Squads Dispatched 30 | . 4 . . 8 . 1 . . 4 . . . . 13 Investigation 4 | . 1 . . 1 . . . . 1 . . . . 1 Extermination 4 | . . . . 2 . . . . . . . . . 2 Reinforcement 12 | . 3 . . 4 . . . . 1 . . . . 4 Assault 7 | . . . . 1 . 1 . . 2 . . . . 3 Garrison 3 | . . . . . . . . . . . . . . 3 Intercept . | . . . . . . . . . . . . . . . Searches Triggered 6 | . . . . 1 . . . . 2 . . . . 3 Construction Impeded 4 | . . . . 1 . . . . . . . . . 3 Haulers Reinforced 2 | . . . . 1 . . . . . . . . . 1 Active Scanning Responses . | . . . . . . . . . . . . . . . Cargo Convoy Interrupts . | . . . . . . . . . . . . . . . Stealth | -11 -10 -10 -7 -5 -5 -5 -5 -4 -4 -4 -4 -4 -3 -3 --------- Run | Yrd Mat Sub Rec Fac Upp Upp Zhi Pro Fac Upp Upp War Pro Res Distress Signals 9 | . 4 . . 2 . . . . . . . . 1 2 Communications Jammed . | . . . . . . . . . . . . . . . Distress Signals . | . . . . . . . . . . . . . . . Times Spotted 289 | . 27 15 1 41 . 24 . 12 12 3 6 32 15 101 Peak Tracking Total 19 | . 5 3 1 7 . 7 . 7 6 3 4 16 5 19 Tactical Retreats 27 | . 1 1 . 4 . 2 . . 1 2 1 1 . 14 Traps | -11 -10 -10 -7 -5 -5 -5 -5 -4 -4 -4 -4 -4 -3 -3 ------- Run | Yrd Mat Sub Rec Fac Upp Upp Zhi Pro Fac Upp Upp War Pro Res Traps Triggered 6 | . 3 . . 1 . . . . . 1 . . . 1 Indirectly . | . . . . . . . . . . . . . . . Trap Hack Attempts . | . . . . . . . . . . . . . . . Triggered . | . . . . . . . . . . . . . . . Disarmed . | . . . . . . . . . . . . . . . Reprogrammed . | . . . . . . . . . . . . . . . Reused . | . . . . . . . . . . . . . . . Traps Extracted . | . . . . . . . . . . . . . . . Installed . | . . . . . . . . . . . . . . . Triggered 8 | . . . . 1 1 . . . . . . 6 . . Most Traps Carried 1 | . . . . . 1 1 1 . . . . . . . Machines | -11 -10 -10 -7 -5 -5 -5 -5 -4 -4 -4 -4 -4 -3 -3 ---------- Run | Yrd Mat Sub Rec Fac Upp Upp Zhi Pro Fac Upp Upp War Pro Res Machines Disabled 40 | . . 4 1 11 . 1 . . 18 . . 1 1 3 Max in Single Turn 15 | . . 3 1 5 . 1 . . 15 . . 1 1 1 Garrison Access 3 | . . . . . . . . . 3 . . . . . Machines Repaired . | . . . . . . . . . . . . . . . Machines Dismantled . | . . . . . . . . . . . . . . . Machines Sabotaged . | . . . . . . . . . . . . . . . Overloaded Fab Kills . | . . . . . . . . . . . . . . . Hacking | -11 -10 -10 -7 -5 -5 -5 -5 -4 -4 -4 -4 -4 -3 -3 --------- Run | Yrd Mat Sub Rec Fac Upp Upp Zhi Pro Fac Upp Upp War Pro Res Machines Accessed 41 | . 6 1 8 10 2 1 5 . 3 1 . 2 . 2 Terminals 19 | . 5 . 6 5 1 . . . 1 . . . . 1 Fabricators 4 | . . . . 4 . . . . . . . . . . Repair Stations 1 | . . . . 1 . . . . . . . . . . Recycling Units 3 | . 1 . 2 . . . . . . . . . . . Scanalyzers 1 | . . . . . . . . . . . . . . 1 Garrison Access 2 | . . . . . . . . . 2 . . . . . Total Hacks 114 | . 13 1 23 37 2 1 18 . 5 1 . 6 . 7 Successful 66 | . 8 1 11 15 2 1 18 . 2 1 . 6 . 1 Failed 48 | . 5 . 12 22 . . . . 3 . . . . 6 Catastrophic 8 | . 1 . 1 2 . . . . 1 . . . . 3 Database Lockouts . | . . . . . . . . . . . . . . . Manual 32 | . 6 1 7 16 . . . . 1 . . . 1 . Terminals 52 | . 12 . 21 13 1 . . . 1 . . . . 4 Fabricators 19 | . . . . 19 . . . . . . . . . . Repair Stations 5 | . . . . 5 . . . . . . . . . . Recycling Units 3 | . 1 . 2 . . . . . . . . . . . Scanalyzers 3 | . . . . . . . . . . . . . . 3 Garrison Access 4 | . . . . . . . . . 4 . . . . . Terminal Hacks 45 | . 5 1 8 2 2 1 18 . 1 1 . 6 . . Record 9 | . . 1 . . 1 1 6 . . . . . . . Part Schematic 8 | . . . 3 1 . . 4 . . . . . . . Robot Analysis 8 | . 2 . 2 . . . 4 . . . . . . . Prototype ID Bank 9 | . . . . . . . 4 . . . . 5 . . Open Door 3 | . . . . . 1 . . . . 1 . 1 . . Branch Access Points 2 | . . . . 1 . . . . 1 . . . . . Maintenance Status 1 | . 1 . . . . . . . . . . . . . Security Status 1 | . . . 1 . . . . . . . . . . . Zone Layout 4 | . 2 . 2 . . . . . . . . . . . Fabricator Hacks 3 | . . . . 3 . . . . . . . . . . Network Status 1 | . . . . 1 . . . . . . . . . . Build 2 | . . . . 2 . . . . . . . . . . Repair Station Hacks 3 | . . . . 3 . . . . . . . . . . Scan Component 1 | . . . . 1 . . . . . . . . . . Repair 1 | . . . . 1 . . . . . . . . . . Refit 1 | . . . . 1 . . . . . . . . . . Recycling Unit Hacks 1 | . . . 1 . . . . . . . . . . . Retrieve Components 1 | . . . 1 . . . . . . . . . . . Scanalyzer 1 | . . . . . . . . . . . . . . 1 Insert Component 1 | . . . . . . . . . . . . . . 1 Garrison Access Hacks 1 | . . . . . . . . . 1 . . . . . Seal Access 1 | . . . . . . . . . 1 . . . . . Unauthorized Hacks 12 | . 3 . 2 7 . . . . . . . . . . Terminals 5 | . 2 . 1 2 . . . . . . . . . . Botnet 4 | . 2 . 1 1 . . . . . . . . . . Operators 1 | . . . . 1 . . . . . . . . . . Fabricators 5 | . . . . 5 . . . . . . . . . . Report 1 | . . . . 1 . . . . . . . . . . Prioritize 1 | . . . . 1 . . . . . . . . . . Liberate 2 | . . . . 2 . . . . . . . . . . Haulers 1 | . . . . 1 . . . . . . . . . . Repair Stations . | . . . . . . . . . . . . . . . Recycling Units 2 | . 1 . 1 . . . . . . . . . . . Tunnel 2 | . 1 . 1 . . . . . . . . . . . Scanalyzers . | . . . . . . . . . . . . . . . Garrison Access . | . . . . . . . . . . . . . . . Data Cores Recovered . | . . . . . . . . . . . . . . . Used . | . . . . . . . . . . . . . . . Hacking Detections 23 | . 5 . 6 9 . . . . 1 . . . . 2 Full Trace Events 6 | . . . 3 1 . . . . 1 . . . . 1 Feedback Events . | . . . . . . . . . . . . . . . Feedback Blocked . | . . . . . . . . . . . . . . . Robot Schematics Acquired . | . . . . . . . . . . . . . . . Robots Built 1 | . . . . 1 . . . . . . . . . . Authchips . | . . . . . . . . . . . . . . . Time 152 | . . . . 152 . . . . . . . . . . Total Robot Build Rating 5 | . . . . 5 . . . . . . . . . . Part Schematics Acquired 8 | . . . 3 1 . . 4 . . . . . . . Parts Built 1 | . . . . 1 . . . . . . . . . . Authchips . | . . . . . . . . . . . . . . . Time 106 | . . . . 106 . . . . . . . . . . Total Part Build Rating 6 | . . . . 6 . . . . . . . . . . Parts Repaired 1 | . . . . 1 . . . . . . . . . . Time 44 | . . . . 44 . . . . . . . . . . Parts Recycled . | . . . . . . . . . . . . . . . Recycled Matter . | . . . . . . . . . . . . . . . Retrieved Matter . | . . . . . . . . . . . . . . . Retrieved Components 1 | . . . 1 . . . . . . . . . . . Parts Scanalyzed 1 | . . . . . . . . . . . . . . 1 Part Schematics Acquired . | . . . . . . . . . . . . . . . Parts Damaged . | . . . . . . . . . . . . . . . Bothacking | -11 -10 -10 -7 -5 -5 -5 -5 -4 -4 -4 -4 -4 -3 -3 ------------ Run | Yrd Mat Sub Rec Fac Upp Upp Zhi Pro Fac Upp Upp War Pro Res Used RIF Installer . | . . . . . . . . . . . . . . . Robots Hacked . | . . . . . . . . . . . . . . . Non-combat . | . . . . . . . . . . . . . . . Combat . | . . . . . . . . . . . . . . . Robot Hacks Applied . | . . . . . . . . . . . . . . . Relay Couplers Released 2 | . . . . . . . . . 2 . . . . . Machine Destruction 2 | . . . . . . . . . 2 . . . . . Fabnet Peak Effective % . | . . . . . . . . . . . . . . . Robots Rewired 6 | . . . . . . 1 . . . . . 5 . . Allies Hacked . | . . . . . . . . . . . . . . . Hacks Repelled . | . . . . . . . . . . . . . . . Allies | -11 -10 -10 -7 -5 -5 -5 -5 -4 -4 -4 -4 -4 -3 -3 -------- Run | Yrd Mat Sub Rec Fac Upp Upp Zhi Pro Fac Upp Upp War Pro Res Total Allies 10 | . . . . 4 . 1 . . . . . 5 . . Largest Group 5 | . . . . 3 . 1 1 1 . . . 5 . . Highest-Rated Group 297 | . . . . 87 . 29 29 29 . . . 297 . . Highest-Rated Ally 68 | . . . . 29 . 29 29 29 . . . 68 . . Total Orders 2 | . . . . . . . . . . 2 . . . . EXPLORE 1 | . . . . . . . . . . 1 . . . . RETURN 1 | . . . . . . . . . . 1 . . . . Ally Attacks 18 | . . . . . . . . 5 . . . 13 . . Total Damage 512 | . . . . . . . . 76 . . . 436 . . Kills 2 | . . . . . . . . . . . . 2 . . Allies Corrupted . | . . . . . . . . . . . . . . . Allies Melted . | . . . . . . . . . . . . . . . Intel | -11 -10 -10 -7 -5 -5 -5 -5 -4 -4 -4 -4 -4 -3 -3 ------- Run | Yrd Mat Sub Rec Fac Upp Upp Zhi Pro Fac Upp Upp War Pro Res Robot Analysis Total 8 | . 2 . 2 . . . 4 . . . . . . . Derelict Logs Recovered 7 | . . . . . 1 1 . 2 . 2 1 . . . Drone Launches 6 | . . . . . . . . . . 3 3 . . . Drone Recoveries 3 | . . . . . . . . . . 1 2 . . . Exploration | -11 -10 -10 -7 -5 -5 -5 -5 -4 -4 -4 -4 -4 -3 -3 ------------- Run | Yrd Mat Sub Rec Fac Upp Upp Zhi Pro Fac Upp Upp War Pro Res Turns Passed 12944 | 215 1242 1354 561 1601 548 1150 387 550 589 621 522 1121 1085 1398 Spaces Moved 8433 | 103 571 780 403 964 465 836 277 418 309 547 423 702 828 807 Core 51 | 5 . . . . . . . . . . . . . 46 Treads 1088 | 98 571 52 . . . . . . . . . 367 . . Legs 5419 | . . 381 201 964 465 836 277 418 237 . . 51 828 761 Wheels 1875 | . . 347 202 . . . . . 72 547 423 284 . . Hover . | . . . . . . . . . . . . . . . Flight . | . . . . . . . . . . . . . . . Fastest Speed 50 | 50 160 120 125 90 105 112 125 120 100 100 100 115 120 50 Average Speed 123 | 154 160 137 127 105 110 114 125 122 132 105 114 140 120 116 Slowest Speed 260 | 160 240 210 130 195 112 125 125 125 190 115 115 260 120 190 Overloaded Moves . | . . . . . . . . . . . . . . . Propulsion Burnouts . | . . . . . . . . . . . . . . . Robots Hopped . | . . . . . . . . . . . . . . . Cave-ins Triggered . | . . . . . . . . . . . . . . . Teleports 1 | . . . . . . . . 1 . . . . . . Exploration Rate (%) 55 | 5 87 33 79 27 65 91 60 56 9 74 56 83 87 25 Regions Visited 14 Branch Regions 10 Pre-discovered Areas 6 | . 1 1 1 . . . 3 . . . . . . . Known Exits Taken 10 | . . . . 1 1 1 1 1 1 1 1 1 1 . Unknown Exits Taken 4 | 1 1 1 1 . . . . . . . . . . . Scrap Searched 15 | . . 1 . . 3 1 . 3 . 2 3 . 2 . Spaces Dug 34 | . 1 15 . 8 . . . . 1 . . . . 9 Terrain Destroyed 669 | . 1 115 39 176 3 51 . 1 71 . 14 24 15 159 Melee 2 | . 1 . . 1 . . . . . . . . . . Projectile 124 | . . . . 29 3 18 . 1 3 . . . 8 62 AOE 543 | . . 115 39 146 . 33 . . 68 . 14 24 7 97 Terrain Rammed . | . . . . . . . . . . . . . . . Walls Destroyed . | . . . . . . . . . . . . . . . Machines Disabled . | . . . . . . . . . . . . . . . Actions | -11 -10 -10 -7 -5 -5 -5 -5 -4 -4 -4 -4 -4 -3 -3 --------- Run | Yrd Mat Sub Rec Fac Upp Upp Zhi Pro Fac Upp Upp War Pro Res Total 10183 | 139 794 951 452 1369 494 969 319 446 459 590 452 821 874 1054 Wait 702 | 13 118 59 28 235 6 57 . 14 98 23 8 3 3 37 Move 8419 | 102 570 779 402 963 464 835 276 417 308 546 422 701 827 807 Hop . | . . . . . . . . . . . . . . . Pick Up 124 | 8 15 14 7 20 8 8 11 2 2 5 4 6 4 10 Fast Attach 111 | 7 7 3 1 16 1 4 8 1 9 3 2 23 4 22 Attach 59 | . . 7 . 11 4 3 1 2 6 2 1 3 3 16 Detach 14 | . . . . 2 . . . . 5 . . 3 1 3 Swap 100 | . 14 11 3 13 1 9 1 3 5 3 4 6 9 18 Drop 160 | . 16 13 9 15 5 12 18 . 4 6 7 29 6 20 Fire 413 | 9 49 65 2 86 5 37 4 7 17 . 4 6 17 105 Melee 12 | . 4 . . 1 . . . . 5 2 . . . . Ram 7 | . . . . . . . . . . . . . . 7 Kick 11 | . . . . 2 . . . . . . . . . 9 Crush 1 | . 1 . . . . . . . . . . . . . Escape Stasis 5 | . . . . 5 . . . . . . . . . . Rewire 45 | . . . . . . 4 . . . . . 41 . . Trap . | . . . . . . . . . . . . . . . Miscellaneous . | . . . . . . . . . . . . . . . Route ------- -11/Scrapyard -10/Materials (discovered 4 exits: [*Mat x2] / [*Min] / *Sub) -10/Subcaves -7/Recycling -5/Factory (discovered 2 exits: *Upp x2) -5/Upper Caves -5/Upper Caves (discovered 2 exits: *Fac / *Zhi) -5/Zhirov -4/Proximity Caves -4/Factory (discovered 6 exits: Res / *Upp x2 / Ext x2 / Arm) -4/Upper Caves -4/Upper Caves (discovered 2 exits: *Res / *War) -4/Warlord -3/Proximity Caves -3/Research History --------- Turn | Location | Event 3 | -11/Scrapyard | Discovered new exit (range 16) 216 | -11/Scrapyard | Entered Materials 331 | -10/Materials | Build established: Mutant 374 | -10/Materials | Discovered new exit (range 14) 699 | -10/Materials | Discovered new exit (range 16) 944 | -10/Materials | Discovered new exit (range 5) 1452 | -10/Materials | Discovered new exit (range 3) 1458 | -10/Materials | Entered Subcaves 1506 | -10/Subcaves | Core integrity fell below 50% 1624 | -10/Subcaves | Core integrity fell below 20% 1741 | -10/Subcaves | Learned location of Zion (-6) 1741 | -10/Subcaves | Met a Zionite searching for "candidates" 2184 | -10/Subcaves | Build established: Scavenger-Mutant 2199 | -10/Subcaves | Discovered new exit (range 12) 2386 | -10/Subcaves | Visited Clippyterm 2454 | -10/Subcaves | A Subdweller sparked back to life 2470 | -10/Subcaves | Ambushed by Subdweller buried in earth 2542 | -10/Subcaves | Found Prototype Leg 2812 | -10/Subcaves | Entered Recycling 2850 | -7/Recycling | Build established: Mutant 3346 | -7/Recycling | Discovered new exit (range 9) 3373 | -7/Recycling | Entered Factory 3373 | -5/Factory | Evolved 10 slots: Power x1, Propulsion x2, Utility x7 3398 | -5/Factory | Identified Arachnoskeleton 3399 | -5/Factory | Attached Arachnoskeleton, gained temporary slots: Propulsion x3 3673 | -5/Factory | Search patrols dispatched 3703 | -5/Factory | Repaired Mak. Light Armor Plating 3961 | -5/Factory | Fabricated Adv. Cooling System (x1) 3981 | -5/Factory | Lost 3 parts (1p1u1w) 4261 | -5/Factory | Build established: Scavenger-Mutant 4318 | -5/Factory | Fabricated R-10 Processor (x1) 4487 | -5/Factory | Lost 3 parts (1p2n) 4573 | -5/Factory | First assault squad dispatched 4635 | -5/Factory | Identified exit to Upper Caves 4771 | -5/Factory | Destroyed 9 combat bots 4974 | -5/Factory | Entered Upper Caves 5377 | -5/Upper Caves | Learned location of 2 exits from Factory 5410 | -5/Upper Caves | Build established: Scavenger-Skirmisher 5432 | -5/Upper Caves | Discovered new exit (range 13) 5479 | -5/Upper Caves | Identified exit to Upper Caves 5522 | -5/Upper Caves | Entered another Upper Caves area 5538 | -5/Upper Caves | Discovered new exit (range 13) 5990 | -5/Upper Caves | Found Alien Artifact 5990 | -5/Upper Caves | Identified Dimensional Node Initializer 5990 | -5/Upper Caves | Initialized slip node 6341 | -5/Upper Caves | Attracted the attention of an 0b10 outpost 6456 | -5/Upper Caves | Encountered a Warlord checkpoint 6528 | -5/Upper Caves | Lost 3 allies 6652 | -5/Upper Caves | Discovered new exit (range 13) 6665 | -5/Upper Caves | Identified exit to Zhirov 6672 | -5/Upper Caves | Entered Zhirov 6672 | -5/Zhirov | Accompanied by 1 ally 6673 | -5/Zhirov | Discovered new exit (range 3) 6696 | -5/Zhirov | Met Zhirov 6723 | -5/Zhirov | Learned location of Quarantine (-2) 6723 | -5/Zhirov | Learned location of Testing (-3) 6723 | -5/Zhirov | Learned location of Command (-1) 6731 | -5/Zhirov | Zhirov requested help retrieving the SGEMP Prototype 6755 | -5/Zhirov | Found Alien Artifact 6755 | -5/Zhirov | Identified Integrated Reactor 6755 | -5/Zhirov | Installed Integrated Reactor, increased core energy generation (+10) 6774 | -5/Zhirov | Found Alien Artifact 7017 | -5/Zhirov | Build established: Scavenger-Mutant 7058 | -5/Zhirov | Identified exit to Proximity Caves 7059 | -5/Zhirov | Entered Proximity Caves 7059 | -4/Proximity Caves | Accompanied by 1 ally 7146 | -4/Proximity Caves | Identified Transdimensional Reconstructor 7146 | -4/Proximity Caves | Warped through subspace 7165 | -4/Proximity Caves | Learned 4 Research zone layouts 7213 | -4/Proximity Caves | Spotter reported a threat 7267 | -4/Proximity Caves | Spotter reported a threat 7364 | -4/Proximity Caves | Spotter reported a threat 7368 | -4/Proximity Caves | Spotter reported a threat 7371 | -4/Proximity Caves | Core integrity fell below 50% 7374 | -4/Proximity Caves | System corruption reached 10% 7407 | -4/Proximity Caves | Learned Research terminal intel 7565 | -4/Proximity Caves | Discovered new exit (range 10) 7575 | -4/Proximity Caves | Identified exit to Factory 7609 | -4/Proximity Caves | Entered Factory 7609 | -4/Factory | Evolved 2 slots: Propulsion x1, Weapon x1 7610 | -4/Factory | Identified exit to Armory 7611 | -4/Factory | Identified exit to Extension 7611 | -4/Factory | Identified exit to Research 7822 | -4/Factory | Lost 3 parts (2n1u) 7859 | -4/Factory | Search patrols dispatched 7908 | -4/Factory | Build established: Scavenger-Skirmisher 7914 | -4/Factory | Identified exit to Upper Caves 8109 | -4/Factory | Search patrols dispatched 8198 | -4/Factory | Entered Upper Caves 8199 | -4/Upper Caves | Encountered a Warlord checkpoint 8325 | -4/Upper Caves | Learned Research emergency access door positions 8761 | -4/Upper Caves | Build established: Gunner 8800 | -4/Upper Caves | Discovered new exit (range 9) 8814 | -4/Upper Caves | Identified exit to Upper Caves 8819 | -4/Upper Caves | Entered another Upper Caves area 8819 | -4/Upper Caves | Accompanied by 1 ally 8916 | -4/Upper Caves | Attracted the attention of an 0b10 checkpoint 8974 | -4/Upper Caves | Discovered exit to Research (range 10) 9079 | -4/Upper Caves | Spotted B-86 Titan 9099 | -4/Upper Caves | Learned 8 Research zone layouts 9185 | -4/Upper Caves | Discovered new exit (range 5) 9190 | -4/Upper Caves | Identified exit to Warlord 9341 | -4/Upper Caves | Entered Warlord 9341 | -4/Warlord | Accompanied by 1 ally 9344 | -4/Warlord | System corruption reached 10% 9384 | -4/Warlord | System corruption cleaned by Quarantine Array 9517 | -4/Warlord | Found Prototype Special Weapon 9517 | -4/Warlord | Identified RU-N14's Throwing Claymores v3 9910 | -4/Warlord | Warlord's base attacked by MAIN.C 9932 | -4/Warlord | Found Prototype Energy Gun 9932 | -4/Warlord | Identified Vortex Rifle 9935 | -4/Warlord | Found Vortex Rifle 9975 | -4/Warlord | Build established: Derelict-Bomber 10144 | -4/Warlord | Met Warlord 10166 | -4/Warlord | Found Prototype Reactor 10166 | -4/Warlord | Identified Vortex Chain Reactor 10179 | -4/Warlord | Found Prototype Device 10179 | -4/Warlord | Identified Exp. Phase Shifter 10189 | -4/Warlord | Found Prototype Hackware 10194 | -4/Warlord | Found Prototype Processor 10194 | -4/Warlord | Identified Exp. Armor Integrity Analyzer 10198 | -4/Warlord | Found Prototype Device 10198 | -4/Warlord | Identified Thermal Barrier 10260 | -4/Warlord | Warlord forces counterattacked 10345 | -4/Warlord | Spotted Striker 10350 | -4/Warlord | Spotted Striker 10350 | -4/Warlord | Spotted Striker 10354 | -4/Warlord | Destroyed Striker 10354 | -4/Warlord | Destroyed Striker 10357 | -4/Warlord | Allies destroyed Striker 10386 | -4/Warlord | Destroyed 12 combat bots 10391 | -4/Warlord | Lost 8 allies 10426 | -4/Warlord | Spotted Executioner 10426 | -4/Warlord | Spotted Striker 10428 | -4/Warlord | Spotted Striker 10438 | -4/Warlord | Destroyed Executioner 10438 | -4/Warlord | Attacked by Warlord forces 10451 | -4/Warlord | Discovered new exit (range 9) 10460 | -4/Warlord | Identified exit to Proximity Caves 10462 | -4/Warlord | Entered Proximity Caves 10464 | -3/Proximity Caves | Spotter reported a threat 10465 | -3/Proximity Caves | Spotter reported a threat 10479 | -3/Proximity Caves | Lost 9 allies 10513 | -3/Proximity Caves | Acquired the password to a Derelict Tinkerer's latest research 10523 | -3/Proximity Caves | Found Prototype Special Weapon 10573 | -3/Proximity Caves | Caught by Unaware searching for contraband prototypes 10653 | -3/Proximity Caves | Build established: Scavenger-Bomber 10663 | -3/Proximity Caves | Spotted B-86 Titan 10678 | -3/Proximity Caves | Destroyed B-86 Titan 10701 | -3/Proximity Caves | Spotter reported a threat 10763 | -3/Proximity Caves | Spotter reported a threat 11242 | -3/Proximity Caves | Discovered exit to Research (range 6) 11465 | -3/Proximity Caves | Identified Molecular Deconstructor 11547 | -3/Proximity Caves | Entered Research 11547 | -3/Research | Evolved 2 slots: Propulsion x1, Utility x1 11550 | -3/Research | Loaded intel: 23 terminal locations 11590 | -3/Research | Build established: Scavenger-Tank 11797 | -3/Research | Search patrols dispatched 11970 | -3/Research | Found Prototype Launcher 11970 | -3/Research | Identified Com. Tesla Bomb Launcher 11976 | -3/Research | Spotted B-86 Titan 11979 | -3/Research | Found Prototype Processor 11979 | -3/Research | Identified Exp. Targeting Computer 12047 | -3/Research | Search patrols dispatched 12055 | -3/Research | Build established: Scavenger-Gunner 12260 | -3/Research | Lost 3 parts (1p2w) 12280 | -3/Research | Identified Ghost Barrier 12297 | -3/Research | Search patrols dispatched 12368 | -3/Research | Found Fusion Bomb Launcher 12547 | -3/Research | First assault squad dispatched 12583 | -3/Research | Destroyed 8 combat bots 12730 | -3/Research | Garrison activated, responded to threat 12753 | -3/Research | Core integrity fell below 50% 12793 | -3/Research | Destroyed 11 combat bots 12796 | -3/Research | Lost 12 parts (1p6n3u2w) 12820 | -3/Research | Build established: Scavenger-Bomber 12909 | -3/Research | System corruption reached 10% 12914 | -3/Research | Destroyed 9 combat bots 12924 | -3/Research | Core integrity fell below 20% 12931 | -3/Research | Spotted B-86 Titan 12945 | -3/Research | Destroyed by Y-72 Warden with Quantum Rifle Last Messages --------------- 12922_ Slammed into H-77 Assassin. 12923_ I-47 Archangel system terminally corrupted. 12923_ Penetrated by Slug. 12923_ Slammed into H-77 Assassin. 12924_ Penetrated by Slug. 12924_ Slug penetrates H-77 Assassin. 12924_ H-77 Assassin suffers critical hit (Destroy). 12925_ Slug penetrates K-01 Serf. 12926_ Penetrated by Slug. 12926_ Adv. Sensor Array destroyed. 12926_ Slug penetrates Wall. 12931_ Slammed into C-30 ARC. 12931_ C-30 ARC knocked back. 12932_ C-30 ARC bursts open, deploying its payload. 12932_ H-77 Assassin unfolds itself. 12932_ Penetrated by Slug. 12932_ Slug penetrates Wall. 12932_ Penetrated by Slug. 12932_ Acquired 78 matter. 12939_ NLPMXDCD##30RRCQF4,2NU7T3 Map ----- +----------------------------------------------------+ | ?????????????????????????????????????????????????? | | ?????????????????????????????????????????????????? | | ?????????????????????????????????????????????????? | | ?????????????????????????????????????????????????? | | ?????????????????????????????????????????????????? | | ?????????????????????????????????????????????????? | | ?????????????????????????????????????????????????? | | ?????????????????????????????????????????????????? | | ????????????????"T"??????????????????????????????? | | ????????????????"""??????????????????????????????? | | ??????????????????????? ??????????????????????? | | ?????????????????????# ??????????????????????? | | ?????????????????????# ??????????????????????? | | ?????????????????????# #?????????????????????? | | ?????????????????????# #?????????????????????? | | ?????????????????????# k #?????????????????????? | | ?????????????????????# #?????????????????????? | | ????????????????????## ##????????????????????? | | ????????????????????# #????????????????????? | | ????????????????????# #####????????????????? | | ????????????????????# u ?????????????????? | | ????????????????????+ Y ??????????????????? | | ????????????????????# ???????????????????? | | ????????????+???????# #?????????????????? ?? | | ????????????????????# ???????????????#? | | ??????????????????????# @########???????? # | | ??????????????????????# # +?????????+ | | ??????????????????????# g % #?????????? | | ??????????????????????# # #?????????? | | ??????????????????????# # #??????????? | | ??????????????????????# # +???????????# # | | ??????????????????????# u# #???????????# # | | ?????????????????????? ###+####???????????# # | | ????????????????????? u #?# #???????????#### # | | ???????????????????? #?# #??????###### ## # | | ???????????????????#+# ??# #?###### # | | ?????????????????????# ??# #?# # # | | ?????????????????????# t ??# #?# # ] / | | ?????????????????????# ??# #?# # # | | ?????????????????????# ??# ### # # | | ?????????????????????# ??# # # ###### | | ??????????????????????? ??# # ####+###????? | | ????????????????????????????# + ## #?????? | | ??????????????????????? ???# # ## #?????? | | ???????????????????? # ## #?????? | | ???????????????????? ##+#### #?????? | | ???????????????????? "/ #?????? | | ??????????????????? "%# ! #?????? | | ??????????????????? ^ "# #?????? | | ???????????????????##### ""# #?????? | +----------------------------------------------------+ Best States ------------- Heat Dissipation 95 Energy Generation 65 Energy Capacity 700 Matter Stores 300 Matter Capacity 300 Sight Range 16 Robot Scan Range 16 Terrain Scan Density 210 Armor Coverage 750 Resistance: EM 15 Utility Shielding 90 Phase Shifting 20 Evasion (%) 65 Targeting Accuracy 20 Core Analysis 6 Recoil Reduction 4 Kinecelleration 40 Offensive Hacking 26 Defensive Hacking 20 Authchip Count 1 Item Schematics ----------------- Antigrav System | -7/Recycling | Hacked Microactuators | -7/Recycling | Hacked Hcp. Storage Unit | -7/Recycling | Hacked Adv. Cryofiber Web | -5/Factory | Hacked Assault Drone Bay | -5/Zhirov | Free Exp. Heat Sink | -5/Zhirov | Free Exp. Optical Array | -5/Zhirov | Free Imp. Arc Thrower | -5/Zhirov | Free Robot Schematics ------------------ None Fabricated ------------ Adv. Cooling System | x1 | -5/Factory | Preloaded R-10 Processor | x1 | -5/Factory | Preloaded Alien Tech Used ----------------- Dimensional Node Initializer Integrated Reactor Transdimensional Reconstructor Achievements -------------- None Challenges ------------ None Game ------ Seed PowerRemotePenetrator Manual? 0 Play Time 02:19:24 Cumulative 383.1 hours Start 2024.03.15 @ 21:54:30 End 2024.03.16 @ 00:34:57 Sessions 1 Manual Loads 0 Difficulty Rogue Special Mode None Game No. 247 Rogue 224 Adventurer 6 Explorer 17 Win Type - Total 29 Types 21/0/4/1/0/1/1/1/0 Lore% 91 Gallery% 95 Achievement% 79 Wizard Run 0 Options --------- Layout 1 ASCII 0 Keyboard 0 Movement Numpad Keybinds 0 Fullscreen 1 Font 16/TamsynBold Map View 55x38 Zoom Use 0% Tactical HUD 1 Map Filters NONE Filters NONE Steam 1 RUN: 145ae89f-787a-43bc-a239-e6c344802863